 Dungeon Crawl Stone Soup version 0.31-a0-145-g046c7d2549 (webtiles) character file.

Game seed: 13144437939343599179

3293461 KimchiStew the Invulnerable (level 26, 219/219 HPs)
             Began as a Minotaur Monk on June 5, 2023.
             Was an Initiate of Gozag.
             Escaped with the Orb
             ... and 5 runes on June 6, 2023!
             The game lasted 01:36:20 (65652 turns).

KimchiStew the Invulnerable (Minotaur Monk)        Turns: 65652, Time: 01:36:20

Health: 219/219    AC: 31    Str: 29    XL:     26   Next: 72%
Magic:  14/15      EV: 18    Int: 10    God:    Gozag
Gold:   94         SH: 29    Dex: 13    Spells: 25/25 levels left

rFire   + + .        r - +9 broad axe (vamp)
rCold   + + .        S - +5 tower shield
rNeg    + . .        P - +3 plate armour of Birdsong {rC++ rCorr Int-2 SInv}
rPois   +            A - +2 hat of the Doomed God {Int+4 Slay+3 SInv}
rElec   +            (no cloak)
rCorr   +            l - -2 pair of gloves of the Arena {rF++ SInv}
SInv    +            u - +2 pair of boots {Fly}
Will    +++++        s - amulet "Onil" {rElec Regen+ Str+2} Stlth
                     y - ring of Xousaxzua {Wiz rF- rN+ Will+++ Stlth+}
HPRegen 1.36/turn    d - ring "Keac Ita" {rElec rPois rF+ SInv}
MPRegen 0.14/turn

%: wizardry (x1)
@: gold aura, flying, studying 2 skills
A: horns 2, retaliatory headbutt, clumsy 1, frail 1, low MP 3, strong-willed 1,
strong 1, wild magic 1, MP-powered wands
0: Orb of Zot
}: 5/15 runes: barnacled, slimy, silver, abyssal, gossamer
a: Renounce Religion, Potion Petition, Call Merchant, Bribe Branch


You escaped.
You worshipped Gozag.
Gozag was noncommittal.
You visited 10 branches of the dungeon, and saw 52 of its levels.
You visited the Abyss 2 times.
You visited 2 bazaars.
You also visited: Gauntlet and Ice Cave.

You collected 30905 gold pieces.
You spent 10390 gold pieces at shops.
You paid 20421 gold pieces to Gozag.

Inventory:

Hand Weapons
 a - a +9 broad axe of electrocution
 r - a +9 vampiric broad axe (weapon)
Missiles
 p - a throwing net
 x - 20 javelins (quivered)
 z - 16 curare-tipped darts
 I - 9 silver javelins
 O - 4 silver boomerangs
Armour
 l - the -2 pair of gloves of the Arena (worn) {rF++ SInv}
   (You bought it in a shop on level 5 of the Vaults)

   rF:        It greatly protects you from fire.
   SInv:      It lets you see invisible.
 u - a +2 pair of boots of flying (worn)
 A - the +2 hat of the Doomed God (worn) {Int+4 Slay+3 SInv}
   (You acquired it on level 5 of the Realm of Zot)

   Int:       It affects your intelligence (+4).
   Slay:      It affects your accuracy & damage with ranged weapons and melee
   (+3).
   SInv:      It lets you see invisible.
 P - the +3 plate armour of Birdsong (worn) {rC++ rCorr Int-2 SInv}
   (You bought it in a shop on level 2 of the Lair of Beasts)

   Int:       It affects your intelligence (-2).
   rC:        It greatly protects you from cold.
   SInv:      It lets you see invisible.
   rCorr:     It protects you from acid and corrosion.
 S - a +5 tower shield (worn)
Jewellery
 b - the necklace of Bloodlust {Fury *Rage Will++ Int-3 Slay+6}
   (You found it on level 5 of the Pits of Slime)

   [amulet of nothing]

   Fury:      It extends the wearer's berserk rage when killing foes.
   Int:       It affects your intelligence (-3).
   Slay:      It affects your accuracy & damage with ranged weapons and melee
   (+6).
   *Rage:     It berserks you when you make melee attacks (+50% chance).
   Will:      It greatly increases your willpower.
 d - the ring "Keac Ita" (right hand) {rElec rPois rF+ SInv}
   (You bought it in a shop on level 1 of the Realm of Zot)

   [ring of see invisible]

   rF:        It protects you from fire.
   rElec:     It insulates you from electricity.
   rPois:     It protects you from poison.
   SInv:      It lets you see invisible.
 s - the amulet "Onil" (around neck) {rElec Regen+ Str+2}
   (You bought it in a shop on level 2 of the Orcish Mines)

   [amulet of regeneration]

   Str:       It affects your strength (+2).
   rElec:     It insulates you from electricity.
   Regen:     It increases your rate of health regeneration.
 y - the ring of Xousaxzua (left hand) {Wiz rF- rN+ Will+++ Stlth+}
   (You bought it in a shop on level 1 of the Realm of Zot)

   [ring of wizardry]

   It improves your spell success rate.
   rF:        It makes you vulnerable to fire.
   rN:        It protects you from negative energy.
   Will:      It greatly increases your willpower.
   Stlth:     It makes you more stealthy.
 B - a +4 ring of protection
 C - a ring of willpower
Wands
 j - a wand of quicksilver (25)
 m - a wand of paralysis (79)
 F - a wand of digging (19)
 H - a wand of iceblast (41)
 J - a wand of polymorph (3)
 K - a wand of flame (116)
Scrolls
 g - 8 scrolls of blinking
 i - 4 scrolls of torment
 k - 28 scrolls of teleportation
 o - 6 scrolls of fog
 t - 5 scrolls of silence
 v - 2 scrolls of fear
 N - 8 scrolls of vulnerability
 Q - a scroll of summoning
 T - 7 scrolls of immolation
 Y - a scroll of magic mapping
 Z - 4 scrolls of poison
Potions
 c - 10 potions of ambrosia
 f - 12 potions of curing
 h - 10 potions of brilliance
 n - 5 potions of cancellation
 q - 8 potions of magic
 w - a potion of resistance
 E - 3 potions of invisibility
 G - 2 potions of might
 L - 2 potions of attraction
 R - 11 potions of lignification
 U - 5 potions of enlightenment
 W - 4 potions of haste
Miscellaneous
 e - a lightning rod (4/4)
 M - a condenser vane
 V - a sack of spiders


   Skills:
 - Level 21.0 Fighting
 - Level 22.0 Axes
 - Level 16.0 Throwing
 O Level 27 Armour
 + Level 22.3 Dodging
 - Level 2.0 Stealth
 O Level 27 Shields
 + Level 17.1 Evocations


You had 25 spell levels left.
You didn't know any spells.
Your spell library contained the following spells:

 Spells                   Type           Power      Damage    Failure   Level
 Apportation              Tloc           0%         N/A       45%         1
 Foxfire                  Conj/Fire      0%         2x1d4     45%         1
 Freeze                   Ice            0%         1d3       45%         1
 Kiss of Death            Conj/Necr      0%         2d5       45%         1
 Magic Dart               Conj           0%         1d3       45%         1
 Shock                    Conj/Air       0%         1d3       45%         1
 Sting                    Tmut/Pois      0%         1d3       45%         1
 Summon Small Mammal      Summ           0%         N/A       45%         1
 Blink                    Tloc           0%         N/A       58%         2
 Call Imp                 Summ           0%         N/A       58%         2
 Lesser Beckoning         Tloc           0%         N/A       58%         2
 Momentum Strike          Conj/Tloc      0%         3d8       58%         2
 Passwall                 Tmut/Erth      0%         N/A       58%         2
 Poisonous Vapours        Pois/Air       0%         N/A       58%         2
 Scorch                   Fire           0%         2d5       58%         2
 Static Discharge         Conj/Air       0%         2-2/arc   58%         2
 Wereblood                Tmut           0%         N/A       58%         2
 Call Canine Familiar     Summ           0%         N/A       80%         3
 Confusing Touch          Hex            0%         N/A       80%         3
 Dazzling Flash           Conj/Hex       0%         N/A       80%         3
 Frozen Ramparts          Ice            0%         1d1       80%         3
 Gell's Gravitas          Tloc           0%         N/A       80%         3
 Hailstorm                Conj/Ice       0%         3d3       80%         3
 Inner Flame              Hex/Fire       0%         N/A       80%         3
 Mephitic Cloud           Conj/Pois/Air  0%         N/A       80%         3
 Ozocubu's Armour         Ice            0%         N/A       80%         3
 Summon Guardian Golem    Hex/Summ       0%         N/A       80%         3
 Swiftness                Air            0%         N/A       80%         3
 Teleport Other           Tloc           0%         N/A       80%         3
 Volatile Blastmotes      Fire/Tloc      0%         2d10      80%         3
 Airstrike                Air            0%         2d(0-16)  99%         4
 Anguish                  Hex/Necr       0%         N/A       99%         4
 Animate Armour           Summ/Erth      0%         N/A       99%         4
 Cause Fear               Hex            0%         N/A       99%         4
 Dispel Undead            Necr           0%         3d6       99%         4
 Flame Wave               Conj/Fire      0%         2d4       99%         4
 Ice Form                 Ice/Tmut       0%         N/A       99%         4
 Iskenderun's Mystic Bla  Conj/Tloc      0%         2d3       99%         4
 Leda's Liquefaction      Hex/Erth       0%         N/A       99%         4
 Olgreb's Toxic Radiance  Pois           0%         N/A       99%         4
 Summon Lightning Spire   Summ/Air       0%         N/A       99%         4
 Alistair's Intoxication  Tmut/Pois      0%         N/A       100%        5
 Arcjolt                  Conj/Air       0%         1d10      100%        5
 Blade Hands              Tmut           0%         N/A       100%        5
 Fireball                 Conj/Fire      0%         3d3       100%        5
 Freezing Cloud           Conj/Ice/Air   0%         6-21      100%        5
 Irradiate                Conj/Tmut      0%         3d11      100%        5
 Lee's Rapid Deconstruct  Erth           0%         3d4*      100%        5
 Metabolic Englaciation   Hex/Ice        0%         N/A       100%        5
 Summon Forest            Summ/Tloc      0%         N/A       100%        5
 Yara's Violent Unravell  Hex/Tmut       0%         3d3       100%        5
 Conjure Ball Lightning   Conj/Air       0%         3x3d6     100%        6
 Eringya's Noxious Bog    Tmut/Pois      0%         N/A       100%        6
 Leda's Unmaking          Conj/Erth      0%         9d1       100%        6
 Plasma Beam              Fire/Air       0%         2x1d10    100%        6
 Starburst                Conj/Fire      0%         6d3       100%        6
 Statue Form              Tmut/Erth      0%         N/A       100%        6
 Dragon Form              Tmut           0%         N/A       100%        7
 Enfeeble                 Hex            0%         N/A       100%        7
 Malign Gateway           Summ/Tloc      0%         N/A       100%        7
 Orb of Destruction       Conj           0%         9d5       100%        7
 Spellforged Servitor     Conj/Summ      0%         N/A       100%        7
 Summon Hydra             Summ           0%         N/A       100%        7
 Discord                  Hex            0%         N/A       100%        8
 Disjunction              Tloc           0%         N/A       100%        8
 Ignition                 Fire           0%         3d3       100%        8
 Summon Horrible Things   Summ           0%         N/A       100%        8
 Dragon's Call            Summ           0%         N/A       100%        9
 Simulacrum               Ice/Necr       Unusable   N/A       N/A         6

Dungeon Overview and Level Annotations

Branches:
Dungeon (15/15)            Temple (0/1) D:6            Lair (5/5) D:10
 Shoals (4/4) Lair:2       Spider (4/4) Lair:2        Slime (5/5) Lair:5
    Orc (2/2) D:9             Elf (3/3) Orc:2        Vaults (5/5) D:13
  Crypt (0/3) Vaults:3     Depths (4/4) D:15            Zot (5/5) Depths:4
  IceCv (visited)         Gauntlet (visited)

Altars:
Ashenzari
Dithmenos
Fedhas
Gozag
Hepliaklqana
Kikubaaqudgha
Ru
Sif Muna
Uskayaw
Xom
Yredelemnul
The Shining One
Jiyva

Shops:
D:2 :   D:7 [   D:11 (*   D:13 (   D:14 [   Orc:1 [   Orc:2 [*(=   Elf:1 (
Elf:2 (   Lair:2 [   Shoals:4 *   Vaults:3 [   Vaults:4 (
Vaults:5 [??[!!??:??   Zot:1 =   Depths:1 =   Depths:3 [

Portals:
Hell: Depths:1 Depths:2 Depths:3 Depths:4
Abyss: Depths:3
Pandemonium: Depths:2
Ziggurat: Depths:2

Annotations:
Shoals:1 Roxanne
Shoals:2 Mara
Elf:2 3 runed translucent doors
Zot:3 1 runed translucent door, Baikk's ghost, master HOBr
Zot:4 3 runed translucent doors, Extyd's ghost, veteran TrSu


Innate Abilities, Weirdness & Mutations

You have a pair of horns on your head.
You reflexively headbutt those who attack you in melee.
You are clumsy. (Dex -2)
You are frail. (-10% HP)
Your magical capacity is extremely low. (-30% MP)
You are strong-willed. (Will+)
Your muscles are strong. (Str +4, Int/Dex -1)
Your spells are a little harder to cast, but a little more powerful.
You expend magic power (3 MP) to strengthen your wands.


Message History

Unknown command.
Done exploring.
Done exploring.
(D) Dungeon (T) Temple (L) Lair (A) Shoals (N) Spider Nest (M) Slime Pits (O) Orcish Mines (E) Elven Halls (V) Vaults (C) Crypt (U) Depths (H) Hell (Z) Zot
Where to? (Enter - D:1, ? - help)
What level of the Dungeon? (default 1, ? - help)
A red devil comes into view. It is wielding a +0 trident.
Uxexiari comes into view. It is armed with a venomous touch.
Unknown command.
Uxexiari gestures.
Uxexiari's surroundings become eerily quiet.
There is a stone staircase leading up here.
Uxexiari conjures an orb of pure magic.
You fly upwards.
There is a stone staircase leading down here.
Unknown command.
Unknown command.
A lorocyproca comes into view.
Aiming: Dig
Press: ? - help, Shift-Dir - straight line A rock wall.
This square is covered in magical glow.
You feel a surge of power!
The rock shatters into small pieces.
Unknown command.
You block the lorocyproca's attack.
You slice the lorocyproca!! Your headbutt misses the lorocyproca.
The lorocyproca is moderately wounded.
You slice the lorocyproca!! You headbutt the lorocyproca!
The lorocyproca is almost dead.
You block the lorocyproca's attack.
You slash the lorocyproca!
You kill the lorocyproca!
No target in view!
No target in view!
No target in view!
There is a staircase leading out of the dungeon here.
You have escaped!

#.##.###.♣.......♣#.#
#...# #.... #.##.#
#.♣.......♣#.# #...# #....
#.##.# #....♣.♣..♣#.#
#...# #.... #.##.#
#..$..⌠...♣#.# #...# #..##
#.##.# #....♣.♣..♣#.#
#...# #..#G #.##.#
#.♣......♣♣#.###...###..##
#.##.#
#.♣......#♣#...'...'......
#.##.#
#.♣♣......♣#.###...###....
#.##.###.#♣♣..♣.@♣#.#
#...# #....
...........♣♣♣#♣♣##.#
##### #.... #.##.#####.#
#.# ##### .....#####[##
#.# ............#### #.#
#.########.....# #.### #.#
#..#### #...# #.#
#..#######.### #.####
#..........#


There were no monsters in sight!

Vanquished Creatures
  the Royal Jelly (Slime:5)
  3 dread liches
  Mennas (Vaults:5)
  A juggernaut (Depths:3)
  Frederick (Depths:4)
  Margery (Vaults:4)
  A Killer Klown (Zot:2)
  Bai Suzhen (Shoals:3)
  6 caustic shrikes
  Saint Roka (Orc:2)
  A curse toe (Depths:4)
  the Enchantress (Depths:4)
  4 bone dragons (Abyss:3)
  Nikola (Depths:1)
  14 golden dragons
  2 electric golems (Zot:2)
  A Brimstone Fiend (D:3)
  A walking crystal tome (Depths:3)
  5 liches
  Mlioglotl (Shoals:1)
  Jorgrun (D:12)
  17 tentacled monstrosities
  12 Orb Guardians
  11 quicksilver dragons
  2 walking earthen tomes (Depths:3)
  4 deep elf blademasters (Elf:3)
  19 acid blobs
  8 titans
  4 deep elf master archers (Elf:3)
  A kraken (Shoals:4)
  A walking frostbound tome (Depths:3)
  9 death cobs
  Polyphemus (Shoals:2)
  Gastronok (D:11)
  An Executioner (Zot:2)
  11 tentacled starspawn
  3 sphinxes
  10 shadow dragons
  Kirke (D:12)
  8 tengu reavers
  Donald (Shoals:3)
  16 storm dragons
  11 azure jellies
  11 draconian monks
  10 fire giants
  A daeva (Abyss:3)
  10 frost giants
  10 rockslimes
  2 draconian scorchers
  3 iron dragons
  6 draconian knights
  2 azure jellies (shapeshifter)
  4 emperor scorpions
  17 vault wardens
  7 ghost moths
  5 deep elf sorcerers
  Louise (Shoals:1)
  An orc warlord (Vaults:4)
  A balrug (D:3)
  4 cacodemons
  3 draconian shifters
  A quicksilver ooze (shapeshifter) (Vaults:5)
  5 draconian annihilators
  6 deep elf elementalists
  4 spriggan defenders
  5 war gargoyles
  4 draconian stormcallers
  14 ironbound preservers
  8 quicksilver oozes
  18 stone giants
  2 demonspawn corrupters (D:3)
  A juggernaut skeleton (Abyss:3)
  9 formless jellyfish
  5 very ugly things
  3 vampire knights
  10 ironbound thunderhulks
  A broodmother (Spider:2)
  12 black draconians
  3 deep elf demonologists (Elf:3)
  14 green draconians
  14 purple draconians
  2 lorocyprocas
  9 spark wasps
  13 white draconians
  10 yellow draconians
  5 deep elf annihilators
  3 dire elephants
  10 red draconians
  An eidolon (Vaults:1)
  A minotaur (Gauntlet)
  8 ettins
  A green death (D:13)
  2 blizzard demons
  6 merfolk javelineers
  4 deep elf high priests
  14 merfolk impalers
  7 deep elf death magi
  Josephine (Shoals:1)
  8 great orbs of eyes
  9 entropy weavers
  8 fire dragons
  16 yaktaur captains
  33 vault guards
  5 hydras
  6 ice dragons
  5 rakshasas
  Harold (Lair:1)
  2 hell beasts
  6 spriggan air magi
  2 death knights (Vaults:3)
  A peacekeeper (Vaults:2)
  7 ironbound frosthearts
  2 merfolk avatars
  A jorogumo (Spider:2)
  3 ogre magi
  A salamander tyrant (Depths:2)
  A spriggan skeleton (Abyss:3)
  A hydra (shapeshifter) (Vaults:5)
  4 alligator snapping turtles
  9 two-headed ogres
  6 catoblepae
  11 centaur warriors
  12 deep troll shamans
  5 merfolk aquamancers (Shoals:4)
  A satyr (Shoals:4)
  7 boulder beetles
  16 death yaks
  11 tengu warriors
  16 dancing weapons
  5 hell hogs
  14 deep troll earth magi
  An orc high priest (Orc:2)
  3 vampire magi
  A death scarab (Spider:3)
  Urug (D:11)
  A titan zombie (Vaults:3)
  8 deep elf knights
  8 spriggan berserkers
  Nergalle (Orc:2)
  11 demonic crawlers
  15 thrashing horrors
  8 hell knights
  2 soul eaters (Depths:2)
  7 sun demons
  8 wretched stars
  A salamander mystic (Depths:2)
  4 skeletal warriors
  18 iron trolls
  A shadow wraith (Vaults:3)
  5 skysharks
  2 sun moths
  3 sixfirhies
  5 pharaoh ants
  12 sea snakes
  3 death drakes
  A swamp dragon (Abyss:4)
  12 orb spiders
  45 deep trolls
  An orange crystal statue (Gauntlet)
  6 flayed ghosts
  8 wizards
  7 glowing orange brains
  3 steelbarb worms
  12 phantasmal warriors
  9 deep elf archers
  22 ironbound convokers
  12 necromancers
  22 large abominations (Abyss:3)
  18 deep elf zephyrmancers
  13 harpies
  14 lindwurms
  A tengu zombie (Vaults:3)
  A harpy (shapeshifter) (Vaults:5)
  9 orc knights
  A mana viper (shapeshifter) (D:15)
  27 deep elf pyromancers
  A human zombie (Vaults:4)
  2 orc sorcerers
  6 shining eyes
  3 salamanders (Depths:2)
  A faun (shapeshifter) (Vaults:5)
  A fire giant zombie (Vaults:4)
  30 moths of wrath
  A moth of wrath (shapeshifter) (Vaults:4)
  7 cyclopes
  19 manticores
  6 fauns
  22 wolf spiders
  An iron dragon skeleton (Abyss:3)
  14 ugly things
  An eye of devastation (shapeshifter) (Vaults:5)
  6 worldbinders
  3 black mambas
  13 merfolk sirens
  A fire giant skeleton (Depths:1)
  2 rust devils
  Maurice (D:11)
  An eye of devastation (Slime:5)
  27 elephants
  An apocalypse crab (Abyss:4)
  2 ice statues
  4 water nymphs
  A guardian serpent (Abyss:4)
  9 smoke demons
  11 vault sentinels
  10 cane toads
  A gargoyle (D:14)
  A hellion (Abyss:4)
  2 orange demons (Abyss:3)
  2 torpor snails
  2 unseen horrors
  15 komodo dragons
  A yaktaur (shapeshifter) (D:13)
  5 tengu conjurers
  5 ancient zymes
  6 freezing wraiths
  23 yaktaurs
  2 efreet
  A merfolk (shapeshifter) (Vaults:4)
  2 ice devils (Depths:2)
  2 harpy zombies (Shoals:1)
  8 trolls
  A hellwing (D:12)
  10 wind drakes
  9 meliai
  A silent spectre (Abyss:3)
  A polar bear (Lair:5)
  A troll (shapeshifter) (D:15)
  34 merfolk
  24 raiju (Abyss:3)
  22 hornets
  25 tarantellas
  16 dream sheep
  12 snapping turtles
  Prince Ribbit (D:7)
  An elf zombie (Vaults:4)
  11 blink frogs
  A centaur simulacrum (D:14)
  A spriggan (shapeshifter) (Elf:1)
  A frost giant simulacrum (Vaults:4)
  49 slime creatures
  6 spriggans
  6 flying skulls (Abyss:1)
  22 jumping spiders
  5 shadows
  23 water elementals
  15 culicivoras
  4 ynoxinuls (Abyss:3)
  4 wyverns
  An elf simulacrum (Vaults:3)
  2 vampires
  5 air elementals
  26 yaks
  8 wraiths
  2 basilisks
  A basilisk (shapeshifter) (D:15)
  2 steam dragons
  6 chaos spawn (Abyss:3)
  5 golden eyes
  7 neqoxecs
  5 hogs (D:12)
  50 redbacks
  3 wargs (Orc:2)
  2 fire elementals
  An acid dragon (D:13)
  11 water moccasins
  A swamp drake (Lair:1)
  A glowing shapeshifter skeleton (Vaults:4)
  A floating eye (Depths:3)
  A black bear (shapeshifter) (Vaults:5)
  2 manticore zombies (Shoals:1)
  10 ogres
  30 orc warriors
  7 black bears
  3 ice beasts
  15 boggarts
  31 wolves
  20 small abominations (Abyss:3)
  12 centaurs
  3 kobold brigands
  2 gnoll sergeants
  15 bullfrogs
  2 human skeletons (Vaults:3)
  2 earth elementals
  A scorpion (D:6)
  12 wights
  A killer bee (shapeshifter) (Depths:3)
  4 killer bees (D:8)
  7 howler monkeys
  3 electric eels
  A howler monkey (shapeshifter) (D:15)
  6 crimson imps (D:9)
  6 quasits (Abyss:3)
  2 hounds
  38 starcursed masses
  5 jellies
  19 orc priests
  A gnoll bouda (D:4)
  32 orc wizards
  10 iguanas
  2 sleepcaps
  A hell rat (D:10)
  2 troll simulacra (IceCv)
  A spriggan simulacrum (IceCv)
  Robin (D:3)
  10 gnolls
  5 adders
  A naga simulacrum (IceCv)
  A shadow imp (D:5)
  8 white imps
  6 ufetubi
  3 worms (D:2)
  2 dart slugs
  87 orcs
  10 ball pythons
  7 bats
  A bat zombie (Shoals:1)
  12 endoplasms
  2 giant cockroaches
  18 goblins
  8 hobgoblins
  2 jackals (D:3)
  7 quokkas
  17 frilled lizards
  18 kobolds
  4 rats
  2 butterflies
  2 lurking horrors
  11 starspawn tentacles
  4 tentacles (Shoals:4)
2432 creatures vanquished.

Vanquished Creatures (collateral kills)
  A golden dragon (Zot:5)
  An electric golem (Zot:5)
  5 Orb Guardians (Zot:5)
  A walking divine tome (Depths:4)
  A frost giant (Depths:4)
  An ettin (Vaults:5)
  A merfolk impaler (Shoals:4)
  2 sun demons (Zot:2)
  3 thrashing horrors (Abyss:3)
  A smoke demon (Abyss:3)
  An efreet (Abyss:3)
  A freezing wraith (Vaults:5)
  A merfolk (Shoals:4)
  A hellwing (Zot:2)
  A wind drake (Shoals:4)
  5 starcursed masses (Abyss:3)
  A wight (D:7)
  A shadow imp (Abyss:3)
29 creatures vanquished.

Vanquished Creatures (others)
  An ancient lich (Zot:5)
  2 dread liches (Zot:5)
  2 orbs of fire (Zot:5)
  5 Killer Klowns (Zot:5)
  An electric golem (Zot:5)
  A tentacled monstrosity (Zot:5)
  8 Orb Guardians (Zot:5)
  A quicksilver dragon (Zot:5)
  2 draconian knights (Zot:2)
  A ghost moth (Zot:5)
  A draconian scorcher (Zot:2)
  A quicksilver ooze (Zot:5)
  A white draconian (Zot:5)
  A black draconian (Zot:5)
  A purple draconian (Zot:5)
  An ironbound frostheart (Vaults:4)
  A deep troll earth mage (Depths:1)
  A thrashing horror (Abyss:3)
  A sun demon (Zot:2)
  3 deep elf knights
  A titan skeleton (Depths:1)
  A sixfirhy (Zot:5)
  A spark wasp zombie (Depths:1)
  A deep troll (Depths:1)
  A deep elf archer (Elf:2)
  3 deep elf pyromancers
  A cyclops (D:14)
  A moth of wrath (Zot:5)
  A merfolk siren (Shoals:4)
  An orange demon (Zot:5)
  A smoke demon (Abyss:3)
  A wraith (Abyss:3)
  A small abomination (Abyss:3)
  Crazy Yiuf (D:3)
  An ufetubus (Abyss:4)
  3 lurking horrors
  30 starspawn tentacles
86 creatures vanquished.

Grand Total: 2547 creatures vanquished

Notes
Turn   | Place    | Note
-------+----------+-------------------------------------------
     0 | D:1      | KimchiStew the Minotaur Monk began the quest for the Orb.
     0 | D:1      | Reached XP level 1. HP: 19/19 MP: 0/0
   112 | D:1      | Reached skill level 1 in Armour
   129 | D:1      | Reached XP level 2. HP: 27/27 MP: 1/1
   159 | D:1      | Found a faded altar of an unknown god.
   160 | D:1      | Noticed a great orb of eyes
   167 | D:1      | Noticed a floating eye
   224 | D:1      | Noticed a shining eye
   224 | D:1      | Noticed an eye of devastation
   823 | D:2      | Reached XP level 3. HP: 33/33 MP: 2/2
  1013 | D:2      | Found a hide-covered altar of Uskayaw.
  1142 | D:2      | Found Esaedil's Vocational Training.
  1148 | D:2      | Reached XP level 4. HP: 40/40 MP: 3/3
  1451 | D:3      | Noticed Robin
  1469 | D:3      | Killed Robin
  1604 | D:3      | Noticed a black bear
  1616 | D:3      | Killed a black bear
  1617 | D:3      | Reached skill level 5 in Fighting
  1617 | D:3      | Reached XP level 5. HP: 35/48 MP: 4/4
  1901 | D:3      | Found an opulent altar of Gozag.
  2039 | D:3      | Became a worshipper of Gozag Ym Sagoz the Greedy
  2076 | D:3      | Found a runed translucent door.
  2077 | D:3      | Noticed Crazy Yiuf
  2101 | D:4      | Reached skill level 5 in Axes
  2466 | D:4      | Reached XP level 6. HP: 6/57 MP: 5/5
  2987 | D:5      | Entered Level 5 of the Dungeon
  3158 | D:5      | Found a shadowy altar of Dithmenos.
  3256 | D:5      | Reached XP level 7. HP: 55/64 MP: 6/6
  3741 | D:6      | Found a staircase to the Ecumenical Temple.
  4075 | D:6      | Reached XP level 8. HP: 55/74 MP: 7/7
  4911 | D:7      | Found the +8 trident of the Octopus King {venom, rElec
                  | rPois}
  4946 | D:7      | Reached skill level 1 in Stealth
  5344 | D:7      | Reached skill level 5 in Armour
  5433 | D:7      | Found a sacrificial altar of Ru.
  5517 | D:7      | Noticed Prince Ribbit
  5527 | D:7      | Killed Prince Ribbit
  5570 | D:7      | Reached XP level 9. HP: 84/84 MP: 8/8
  5668 | D:7      | Reached skill level 5 in Dodging
  5689 | D:7      | Found a blossoming altar of Fedhas.
  5737 | D:7      | Found a hazy altar of Hepliaklqana.
  5742 | D:7      | Found a broken altar of Ashenzari.
  5743 | D:7      | Found a basalt altar of Yredelemnul.
  6254 | D:8      | Reached skill level 10 in Fighting
  6751 | D:8      | Reached skill level 10 in Axes
  7516 | D:9      | Found an ancient bone altar of Kikubaaqudgha.
  7673 | D:9      | Found a glowing golden altar of the Shining One.
  7832 | D:9      | Reached XP level 10. HP: 66/94 MP: 9/9
  7972 | D:9      | Noticed a two-headed ogre
  8310 | D:7      | Bought a smouldering chain mail for 304 gold pieces
  8310 | D:7      | Identified the +5 chain mail "Yta Uqu" {rN+ Dex+7} (You
                  | bought it in a shop on level 7 of the Dungeon)
  8379 | D:9      | Found a staircase to the Orcish Mines.
  8558 | D:9      | Noticed a two-headed ogre
  8572 | D:9      | Killed a two-headed ogre
  9281 | D:10     | Entered Level 10 of the Dungeon
  9458 | D:10     | Reached skill level 1 in Throwing
  9564 | D:10     | Noticed a two-headed ogre
  9579 | D:10     | Killed a two-headed ogre
  9580 | D:10     | Reached XP level 11. HP: 104/104 MP: 10/10
  9609 | D:10     | Noticed a death yak
  9611 | D:10     | Found a staircase to the Lair.
  9611 | D:10     | Noticed a death yak
  9611 | D:10     | Noticed a death yak
  9627 | D:10     | Killed a death yak
  9635 | D:10     | Killed a death yak
  9639 | D:10     | Killed a death yak
  9990 | D:11     | Noticed Maurice
 10000 | D:11     | Killed Maurice
 10029 | D:11     | Found Lom Zoff's General Store.
 10085 | D:11     | Found a flickering gateway to a bazaar.
 10097 | Bazaar   | Entered a bazaar
 10097 | Bazaar   | Found Ukusir's General Store.
 10097 | Bazaar   | Found Xaurchiop's Antique Weapon Emporium.
 10097 | Bazaar   | Found Wamm's Weapon Shop.
 10097 | Bazaar   | Found Aguobb's Book Shoppe.
 10100 | Bazaar   | Found Zodi's General Store.
 10149 | Bazaar   | Bought a wand of paralysis (7) for 218 gold pieces
 10207 | D:11     | Bought a potion of heal wounds for 80 gold pieces
 10207 | D:11     | Bought a scroll of teleportation for 48 gold pieces
 10503 | D:11     | Found Roruych's Weapon Shop.
 10613 | D:11     | Reached skill level 10 in Armour
 10717 | D:11     | Noticed Gastronok
 10728 | D:11     | Killed Gastronok
 10897 | D:11     | Noticed Urug
 10913 | D:11     | Killed Urug
 10974 | D:11     | Noticed a two-headed ogre
 10977 | D:11     | Killed a two-headed ogre
 11228 | Lair:1   | Entered Level 1 of the Lair of Beasts
 11231 | Lair:1   | Noticed Harold
 11247 | Lair:1   | Reached skill level 5 in Throwing
 11251 | Lair:1   | Killed Harold
 11252 | Lair:1   | Reached XP level 12. HP: 113/115 MP: 11/11
 11264 | Lair:1   | Reached skill level 10 in Dodging
 11745 | Lair:1   | Found a frozen archway.
 11759 | IceCv    | Entered an ice cave
 12581 | Lair:1   | Reached skill level 15 in Fighting
 12871 | Lair:2   | Reached skill level 15 in Axes
 12922 | Lair:2   | Found a hole to the Spider Nest.
 13155 | Lair:2   | Reached XP level 13. HP: 126/126 MP: 12/12
 13191 | Lair:2   | Bought the +3 plate armour of Birdsong {rC++ rCorr Int-2
                  | SInv} for 817 gold pieces
 14106 | Lair:3   | Identified the +1 battleaxe of Division {flame, rPois rC-
                  | Will+ Stlth+}
 16179 | Lair:5   | Entered Level 5 of the Lair of Beasts
 16201 | Lair:5   | Reached skill level 1 in Evocations
 16723 | Lair:5   | Found a runed translucent door.
 16723 | Lair:5   | Found a viscous altar of Jiyva.
 16723 | Lair:5   | Found a staircase to the Slime Pits.
 16965 | Lair:5   | Reached XP level 14. HP: 137/137 MP: 13/13
 17353 | Lair:5   | Reached skill level 5 in Evocations
 17693 | Orc:1    | Entered Level 1 of the Orcish Mines
 17819 | Orc:2    | Entered Level 2 of the Orcish Mines
 18027 | Orc:2    | Found a staircase to the Elven Halls.
 18076 | Orc:2    | Noticed Nergalle
 18082 | Orc:2    | Noticed Saint Roka
 18098 | Orc:2    | Killed Nergalle
 18124 | Orc:2    | Killed Saint Roka
 18158 | Orc:2    | Found Usoo's General Store.
 18164 | Orc:2    | Found Paasch's Jewellery Shop.
 18168 | Orc:2    | Found Cuskutz's Antique Weapon Shop.
 18200 | Orc:2    | Bought the amulet "Onil" {rElec Regen+ Str+2} for 530 gold
                  | pieces
 18257 | Orc:2    | Found Arejisa's Antique Armour Shop.
 18776 | Orc:2    | Found a shimmering blue altar of Sif Muna.
 18934 | Orc:1    | Found Haakh's Antique Armour Emporium.
 19467 | D:12     | Noticed Jorgrun
 19539 | D:12     | Killed Jorgrun
 19666 | D:12     | Noticed Kirke
 19690 | D:12     | Killed Kirke
 20366 | D:13     | Found a gate leading to a gauntlet.
 20373 | Gauntlet | Entered a Gauntlet
 20373 | Gauntlet | Found a transporter.
 20380 | Gauntlet | Found a runed translucent gate.
 20380 | Gauntlet | Found a runed translucent gate.
 20380 | Gauntlet | Found a runed translucent gate.
 20382 | Gauntlet | Found a transporter.
 20385 | Gauntlet | Found a transporter.
 20386 | Gauntlet | Found a transporter.
 20394 | Gauntlet | Found a transporter.
 20397 | Gauntlet | Found a transporter.
 20398 | Gauntlet | Found a transporter.
 20408 | Gauntlet | Found a transporter.
 20410 | Gauntlet | Found a transporter.
 20411 | Gauntlet | Found a transporter.
 20423 | Gauntlet | Found a transporter.
 20423 | Gauntlet | Found a transporter.
 20424 | Gauntlet | Found a transporter.
 20432 | Gauntlet | Found a transporter.
 20621 | Gauntlet | Reached XP level 15. HP: 149/149 MP: 0/14
 20663 | Gauntlet | Identified the +0 hat of the Valley {Dex+3}
 20771 | Gauntlet | Got the Incunabulum of the Remoulded Assassin
 20840 | D:13     | Reached skill level 1 in Shields
 20840 | D:13     | Found a gate to the Vaults.
 21217 | D:13     | Reached skill level 5 in Shields
 22300 | D:14     | Found Asyeg's Antique Armour Boutique.
 22308 | D:14     | Found a gateway to a bazaar.
 22334 | Bazaar   | Entered a bazaar
 22334 | Bazaar   | Found Zedwif's Magic Scroll Boutique.
 22334 | Bazaar   | Found Vonworaf's General Store.
 22341 | Bazaar   | Bought a sack of spiders for 520 gold pieces
 22352 | Bazaar   | Found Xagobahan's Antique Weapon Emporium.
 22363 | Bazaar   | Found Ponufoin's Antique Armour Shop.
 22371 | Bazaar   | Bought a pair of faintly glowing boots for 285 gold pieces
 22371 | Bazaar   | Identified the +1 pair of boots "Deirusk" {Rampage} (You
                  | bought it in a shop in a bazaar)
 22381 | Bazaar   | Found Atuk's Jewellery Emporium.
 22389 | Bazaar   | Bought a ring of protection from fire for 275 gold pieces
 22400 | Bazaar   | Bought a ring of resist corrosion for 260 gold pieces
 22427 | Bazaar   | Bought a scroll of teleportation for 57 gold pieces
 22427 | Bazaar   | Bought a scroll of enchant armour for 142 gold pieces
 22427 | Bazaar   | Bought a scroll of enchant weapon for 142 gold pieces
 22427 | Bazaar   | Bought a scroll of enchant weapon for 142 gold pieces
 22427 | Bazaar   | Bought a scroll of magic mapping for 142 gold pieces
 22427 | Bazaar   | Bought a scroll of summoning for 180 gold pieces
 23100 | D:15     | Entered Level 15 of the Dungeon
 23228 | D:15     | Reached skill level 10 in Shields
 23568 | D:15     | Found a staircase to the Depths.
 24256 | Spider:1 | Entered Level 1 of the Spider Nest
 24265 | Spider:1 | Noticed an emperor scorpion
 24304 | Lair:2   | Killed an emperor scorpion
 24756 | Spider:1 | Reached XP level 16. HP: 157/157 MP: 0/15
 26076 | Spider:2 | Reached skill level 15 in Shields
 26145 | Spider:2 | Identified the +7 rapier of Otoman {freeze, rPois rC++
                  | Will- Int+3}
 27344 | Spider:4 | Entered Level 4 of the Spider Nest
 27968 | Spider:4 | Reached XP level 17. HP: 145/163 MP: 16/16
 28551 | Spider:4 | Reached skill level 15 in Armour
 28808 | Spider:4 | Got a gossamer rune of Zot
 28952 | Shoals:1 | Entered Level 1 of the Shoals
 28960 | Shoals:1 | Noticed Mlioglotl
 29197 | Shoals:1 | Killed Mlioglotl
 29362 | Shoals:1 | Noticed Louise
 29403 | Shoals:1 | Killed Louise
 29828 | Shoals:1 | Noticed Josephine
 29855 | Shoals:1 | Killed Josephine
 29979 | Shoals:1 | Noticed Roxanne
 30209 | Shoals:2 | Noticed Polyphemus
 30237 | Shoals:2 | Killed Polyphemus
 31162 | Shoals:3 | Noticed Mara
 31181 | Shoals:2 | Noticed KimchiStew's illusion
 31543 | Shoals:3 | Noticed Bai Suzhen
 31571 | Shoals:3 | Killed Bai Suzhen
 31775 | Shoals:3 | Noticed Donald
 31795 | Shoals:3 | Killed Donald
 31967 | Shoals:3 | Reached XP level 18. HP: 153/164 MP: 17/17
 32462 | Shoals:4 | Entered Level 4 of the Shoals
 32632 | Shoals:4 | Identified the +8 dagger "Utred" {heavy, rCorr Dex+3}
 32757 | Shoals:4 | Found Uruirphuc's Gadget Gallery.
 33100 | Shoals:4 | Identified a scroll of acquirement
 33402 | Shoals:4 | Acquired a manual of Shields
 33803 | Shoals:4 | Got a barnacled rune of Zot
 34000 | Vaults:1 | Entered Level 1 of the Vaults
 34184 | Vaults:1 | Noticed a dread lich
 34197 | Vaults:1 | Noticed a Tzitzimitl
 34200 | Vaults:1 | Killed a dread lich
 34205 | Vaults:1 | Noticed a lich
 34222 | Vaults:1 | Killed a lich
 34225 | Vaults:1 | Got the Excursus on Hyperthermia
 34251 | Vaults:1 | Identified the +8 scimitar "Myom" {freeze, Dex+3}
 35984 | Vaults:2 | Reached XP level 19. HP: 183/183 MP: 18/18
 36101 | Vaults:2 | Paralysed by a formless jellyfish for 1 turns
 36733 | Vaults:2 | Reached skill level 15 in Dodging
 38157 | Vaults:3 | Found a staircase to the Crypt.
 38249 | Vaults:3 | Found Etoquhibb's Armour Shop.
 38399 | Vaults:4 | Found Ryguhoamm's Weapon Shop.
 39019 | Vaults:4 | Reached XP level 20. HP: 195/195 MP: 19/19
 39147 | Vaults:4 | Noticed Margery
 39163 | Vaults:4 | Killed Margery
 40033 | Elf:1    | Entered Level 1 of the Elven Halls
 40324 | Elf:1    | Found Pouck's Antique Weapon Boutique.
 40717 | Elf:1    | Got Yxkof's Spellbook of Bolts
 41175 | Elf:2    | Found an ancient bone altar of Kikubaaqudgha.
 41376 | Elf:2    | Found a runed translucent gate.
 41376 | Elf:2    | Found a runed translucent gate.
 41377 | Elf:2    | Found a runed translucent gate.
 41500 | Elf:2    | Paralysed by an air elemental for 1 turns
 41507 | Elf:2    | Paralysed by an air elemental for 1 turns
 41610 | Orc:2    | Bought a ring of willpower for 275 gold pieces
 41807 | Elf:2    | Found Pazel's Antique Weapon Shop.
 41965 | Elf:3    | Entered Level 3 of the Elven Halls
 42568 | Elf:3    | Paralysed by an air elemental for 1 turns
 42970 | Elf:3    | Identified the +1 leather armour "Tyiminul" {rF+ rN+}
 42991 | Elf:3    | Identified the +8 mace of Dygeoro {venom, Will- Str+6}
 43130 | Elf:3    | Identified the +8 halberd "Robbub" {freeze, rC- rCorr
                  | Int+8}
 43130 | Elf:3    | Identified the amulet of the Equinox {Acrobat Rampage rC+
                  | Str+2}
 43138 | Elf:3    | Reached XP level 21. HP: 187/204 MP: 20/20
 43167 | Elf:3    | Identified the ring "Zow Deusot" {Fire *Slow Will+ Str+3
                  | Dex+2}
 43170 | Elf:3    | Identified the ring of Xom's Malicious Joy {rC+ Will-
                  | Int+6}
 43265 | Elf:3    | Identified the +3 halberd of Yresiq {flame, Str+6}
 43282 | Elf:3    | Identified the staff of earth "Feimyz" {rC+}
 43286 | Elf:3    | Identified the +0 quarterstaff "Lifebane" {heavy, Dex+7}
 43770 | Depths:1 | Entered Level 1 of the Depths
 43779 | Depths:1 | Noticed Nikola
 44497 | Depths:1 | Killed Nikola
 44928 | Depths:1 | Found a gateway to Hell.
 45304 | Depths:2 | Identified the +3 leather armour "Xoajeub" {rC+}
 45350 | Depths:2 | Found a one-way gateway to a ziggurat.
 45389 | Depths:2 | Found a one-way gate leading to the halls of Pandemonium.
 45391 | Depths:2 | Gained mutation: Armour fits poorly on your strangely
                  | shaped body. [a neqoxec]
 45399 | Depths:2 | Gained mutation: You are occasionally teleported next to
                  | monsters. [a cacodemon]
 45421 | Depths:2 | Lost mutation: Armour fits poorly on your strangely shaped
                  | body. [potion of mutation]
 45421 | Depths:2 | Lost mutation: You are occasionally teleported next to
                  | monsters. [potion of mutation]
 45421 | Depths:2 | Gained mutation: You do not regenerate when monsters are
                  | visible. [potion of mutation]
 45421 | Depths:2 | Gained mutation: You are somewhat resistant to further
                  | mutation. [potion of mutation]
 45422 | Depths:2 | Lost mutation: You do not regenerate when monsters are
                  | visible. [potion of mutation]
 45422 | Depths:2 | Lost mutation: You are somewhat resistant to further
                  | mutation. [potion of mutation]
 45422 | Depths:2 | Gained mutation: You expend magic power (3 MP) to
                  | strengthen your wands. [potion of mutation]
 45422 | Depths:2 | Gained mutation: You have a pair of large horns on your
                  | head. [potion of mutation]
 45481 | Depths:2 | Acquired 967 gold pieces
 45571 | Depths:2 | Noticed a caustic shrike
 45573 | Depths:2 | Noticed a caustic shrike
 45589 | Depths:2 | Noticed a caustic shrike
 45596 | Depths:2 | Noticed a caustic shrike
 45845 | Depths:2 | Noticed a caustic shrike
 45891 | Depths:2 | Killed a caustic shrike
 45896 | Depths:2 | Killed a caustic shrike
 45902 | Depths:2 | Killed a caustic shrike
 45918 | Depths:2 | Killed a caustic shrike
 45935 | Depths:2 | Killed a caustic shrike
 46638 | Depths:2 | Identified the +0 pair of gloves "Syiroj" {-Tele Contam
                  | Int+5 Stlth+}
 47017 | Depths:2 | Identified the +0 leather armour of Terror {Int+4}
 47245 | Depths:3 | Reached XP level 22. HP: 213/213 MP: 21/21
 47360 | Depths:3 | Noticed a juggernaut
 47366 | Depths:3 | a juggernaut changed into a shard shrike
 47366 | Depths:3 | Noticed a shard shrike (glowing shapeshifter)
 47379 | Depths:3 | a shard shrike changed into a golden dragon
 47379 | Depths:3 | Noticed a golden dragon (glowing shapeshifter)
 47380 | Depths:3 | a golden dragon changed into an iron dragon
 47383 | Depths:3 | an iron dragon changed into a caustic shrike
 47383 | Depths:3 | Noticed a caustic shrike (glowing shapeshifter)
 47385 | Depths:3 | Reached skill level 27 in Armour
 47389 | Depths:3 | a caustic shrike changed into an iron dragon
 47396 | Depths:3 | Noticed a juggernaut
 47402 | Depths:3 | an acid blob changed into a caustic shrike
 47402 | Depths:3 | Noticed a caustic shrike (glowing shapeshifter)
 47405 | Depths:3 | a caustic shrike changed into a shadow dragon
 47406 | Depths:3 | Killed a juggernaut
 47672 | Depths:3 | Noticed a golden dragon
 47673 | Depths:3 | Noticed a caustic shrike
 47686 | Depths:3 | Killed a caustic shrike
 47691 | Depths:3 | Killed a golden dragon
 47717 | Depths:3 | Identified the +8 arbalest "Tautod" {flame, rF++ rC+ Dex-3
                  | Stlth+}
 48014 | Depths:3 | Got the Volume of Amorphous Ashes
 48164 | Depths:3 | Found a one-way gate to the infinite horrors of the Abyss.
 48353 | Depths:3 | Bought a pair of encrusted gloves for 399 gold pieces
 48353 | Depths:3 | Identified the +0 pair of gloves of Immorality {Int+3} (You
                  | bought it in a shop on level 3 of the Depths)
 48380 | Depths:4 | Entered Level 4 of the Depths
 48705 | Depths:4 | Reached skill level 10 in Evocations
 48969 | Depths:4 | Noticed a golden dragon
 48979 | Depths:4 | Killed a golden dragon
 48979 | Depths:4 | Noticed a golden dragon
 48991 | Depths:4 | Killed a golden dragon
 49056 | Depths:4 | Noticed a golden dragon
 49068 | Depths:4 | Killed a golden dragon
 49103 | Depths:4 | Noticed the Enchantress
 49130 | Depths:4 | Reached XP level 23. HP: 110/220 MP: 22/22
 49149 | Depths:4 | Killed the Enchantress
 49263 | Depths:4 | Found a gate to the Realm of Zot.
 49570 | Depths:4 | Noticed Frederick
 49608 | Depths:4 | Killed Frederick
 50563 | Vaults:5 | Entered Level 5 of the Vaults
 50717 | Vaults:5 | Reached skill level 10 in Throwing
 51049 | Vaults:5 | an iron dragon changed into a juggernaut
 51049 | Vaults:5 | Noticed a juggernaut (glowing shapeshifter)
 51051 | Vaults:5 | a juggernaut changed into a formless jellyfish
 51266 | Vaults:5 | Found Qacwicari's Magic Scroll Boutique.
 51270 | Vaults:5 | Bought a scroll of acquirement for 936 gold pieces
 51270 | Vaults:5 | Acquired a manual of Throwing
 51272 | Vaults:5 | Bought a scroll of teleportation for 54 gold pieces
 51272 | Vaults:5 | Bought a scroll of teleportation for 54 gold pieces
 51272 | Vaults:5 | Bought a scroll of vulnerability for 72 gold pieces
 51272 | Vaults:5 | Bought a scroll of silence for 171 gold pieces
 51273 | Vaults:5 | Found Loys's Antique Armour Shoppe.
 51277 | Vaults:5 | Bought a pair of fine gloves for 304 gold pieces
 51277 | Vaults:5 | Identified the -2 pair of gloves of the Arena {rF++ SInv}
                  | (You bought it in a shop on level 5 of the Vaults)
 51319 | Vaults:5 | Reached XP level 24. HP: 227/228 MP: 22/22
 51353 | Vaults:5 | Found Ulipt's Magic Scroll Shoppe.
 51357 | Vaults:5 | Bought 2 scrolls of enchant weapon for 270 gold pieces
 51357 | Vaults:5 | Bought a scroll of teleportation for 54 gold pieces
 51357 | Vaults:5 | Bought a scroll of fog for 72 gold pieces
 51362 | Vaults:5 | Found Rut Viuf's Antique Armour Boutique.
 51516 | Vaults:5 | Found Xeasatuy's Distillery.
 51520 | Vaults:5 | Bought a potion of curing for 36 gold pieces
 51520 | Vaults:5 | Bought a potion of cancellation for 96 gold pieces
 51520 | Vaults:5 | Bought a potion of heal wounds for 60 gold pieces
 51520 | Vaults:5 | Bought a potion of mutation for 96 gold pieces
 51546 | Vaults:5 | Noticed Mennas
 51596 | Vaults:5 | Killed Mennas
 51650 | Vaults:5 | Identified the +3 plate armour of Love and Death {-Cast rF+
                  | rN+}
 51663 | Vaults:5 | Found Kaodghuesm's Magic Scroll Boutique.
 51667 | Vaults:5 | Bought a scroll of fear for 60 gold pieces
 51667 | Vaults:5 | Bought a scroll of enchant weapon for 112 gold pieces
 51667 | Vaults:5 | Bought 3 scrolls of enchant weapon for 337 gold pieces
 51667 | Vaults:5 | Bought 2 scrolls of fog for 120 gold pieces
 51682 | Vaults:5 | Found Qoruism's Magic Scroll Shoppe.
 51687 | Vaults:5 | Bought a scroll of teleportation for 54 gold pieces
 51694 | Vaults:5 | Found Vigha's Distillery.
 51699 | Vaults:5 | Bought a potion of haste for 180 gold pieces
 51699 | Vaults:5 | Bought a potion of heal wounds for 90 gold pieces
 51699 | Vaults:5 | Bought a potion of curing for 54 gold pieces
 51699 | Vaults:5 | Bought a potion of might for 72 gold pieces
 51699 | Vaults:5 | Bought a potion of curing for 54 gold pieces
 51699 | Vaults:5 | Bought a potion of curing for 54 gold pieces
 51699 | Vaults:5 | Bought a potion of resistance for 180 gold pieces
 51714 | Vaults:5 | Found Keik's Magic Scroll Emporium.
 51784 | Vaults:5 | Found Ceix's Book Shop.
 52035 | Vaults:5 | Got a silver rune of Zot
 52237 | Vaults:5 | Found Zool's Magic Scroll Shop.
 52241 | Vaults:5 | Bought a scroll of blinking for 157 gold pieces
 52263 | Vaults:5 | Found Jyroiqunav's Distillery.
 52267 | Vaults:5 | Bought a potion of cancellation for 88 gold pieces
 52267 | Vaults:5 | Bought a potion of cancellation for 88 gold pieces
 52637 | Zot:1    | Entered Level 1 of the Realm of Zot
 53049 | Slime:1  | Entered Level 1 of the Pits of Slime
 53315 | Slime:4  | Gained mutation: You occasionally lose the ability to drink
                  | potions when taking damage. [a shining eye]
 53318 | Slime:4  | Gained mutation: Armour fits poorly on your strangely
                  | shaped body. [a shining eye]
 53342 | Slime:3  | Lost mutation: You expend magic power (3 MP) to strengthen
                  | your wands. [potion of mutation]
 53342 | Slime:3  | Lost mutation: You occasionally lose the ability to drink
                  | potions when taking damage. [potion of mutation]
 53342 | Slime:3  | Lost mutation: Armour fits poorly on your strangely shaped
                  | body. [potion of mutation]
 53342 | Slime:3  | Gained mutation: You passively map a small area around you.
                  | [potion of mutation]
 53342 | Slime:3  | Lost mutation: You passively map a small area around you.
                  | [potion of mutation]
 53439 | Slime:3  | Gained mutation: You occasionally lose the ability to read
                  | scrolls when taking damage. [a shining eye]
 53543 | Slime:4  | Gained mutation: Your magical capacity is low. (-10% MP) [a
                  | shining eye]
 53545 | Slime:4  | Gained mutation: Your body sometimes deteriorates upon
                  | taking damage. [a shining eye]
 53547 | Slime:4  | Gained mutation: Your magical capacity is very low. (-20%
                  | MP) [a shining eye]
 53632 | Slime:4  | Lost mutation: Your body sometimes deteriorates upon taking
                  | damage. [potion of mutation]
 53632 | Slime:4  | Lost mutation: You have a pair of large horns on your head.
                  | [potion of mutation]
 53632 | Slime:4  | Lost mutation: Your magical capacity is very low. (-20% MP)
                  | [potion of mutation]
 53632 | Slime:4  | Gained mutation: Your magical capacity is very low. (-20%
                  | MP) [potion of mutation]
 53633 | Slime:4  | Lost mutation: Your magical capacity is very low. (-20% MP)
                  | [potion of mutation]
 53633 | Slime:4  | Lost mutation: Your magical capacity is low. (-10% MP)
                  | [potion of mutation]
 53633 | Slime:4  | Lost mutation: You occasionally lose the ability to read
                  | scrolls when taking damage. [potion of mutation]
 53633 | Slime:4  | Gained mutation: You have sharp toenails. [potion of
                  | mutation]
 53633 | Slime:4  | Gained mutation: You expend magic power (3 MP) to
                  | strengthen your wands. [potion of mutation]
 53665 | Slime:5  | Entered Level 5 of the Pits of Slime
 53682 | Slime:5  | Noticed the Royal Jelly
 53829 | Slime:5  | Killed the Royal Jelly
 53865 | Slime:5  | Found the necklace of Bloodlust {Fury *Rage Will++ Int-3
                  | Slay+6}
 53946 | Slime:5  | Got a slimy rune of Zot
 53949 | Slime:5  | Identified the +2 robe "Deogric" {Rampage MP+9 Str+6}
 53988 | Slime:5  | Identified the +1 leather armour of Omission {Will+ Regen+
                  | Int-3}
 53997 | Slime:5  | Identified the +5 plate armour of the Slightly Bent {Fly}
 54044 | Slime:5  | Identified the ring "Vyc Heije" {Fire Str+2 SInv Stlth-}
 54062 | Slime:5  | Identified the +2 spear of the Jumping Salmon {heavy, rPois
                  | rC+ Will-}
 54126 | Slime:5  | Identified the staff of death "Wuofury" {rElec rN+ rCorr
                  | Str-3 Dex+2}
 54235 | Slime:5  | Gained mutation: You are frail. (-10% HP) [a shining eye]
 55098 | Depths:3 | Voluntarily entered the Abyss.
 55264 | Abyss:2  | Found a corrupted altar of Lugonu.
 55276 | Abyss:2  | Found a corrupted altar of Lugonu.
 55467 | Abyss:3  | Found a corrupted altar of Lugonu.
 55481 | Abyss:3  | Found a corrupted altar of Lugonu.
 55560 | Abyss:3  | Gained mutation: You do not regenerate when monsters are
                  | visible. [a neqoxec]
 55588 | Abyss:3  | Paralysed by accursed screaming for 2 turns
 55608 | Abyss:3  | Paralysed by accursed screaming for 2 turns
 55609 | Abyss:3  | HP: 7/205 [bone dragon (17)]
 55622 | Abyss:3  | Found a corrupted altar of Lugonu.
 55646 | Abyss:3  | HP: 8/205 [starcursed mass/accursed screaming (8)]
 55670 | Abyss:3  | Lost mutation: You are frail. (-10% HP) [potion of
                  | mutation]
 55670 | Abyss:3  | Lost mutation: You do not regenerate when monsters are
                  | visible. [potion of mutation]
 55670 | Abyss:3  | Gained mutation: You occasionally lose the ability to read
                  | scrolls when taking damage. [potion of mutation]
 55670 | Abyss:3  | Gained mutation: You have supernaturally acute eyesight.
                  | (SInv) [potion of mutation]
 55948 | Abyss:3  | Paralysed by accursed screaming for 1 turns
 56155 | Abyss:3  | Reached XP level 25. HP: 169/235 MP: 22/22
 56158 | Abyss:3  | Paralysed by accursed screaming for 1 turns
 56359 | Abyss:3  | Reached skill level 15 in Throwing
 56369 | Abyss:3  | Noticed a dread lich
 56381 | Abyss:3  | Killed a dread lich
 56591 | Depths:3 | Escaped the Abyss
 56794 | Depths:3 | Lost mutation: You occasionally lose the ability to read
                  | scrolls when taking damage. [potion of mutation]
 56794 | Depths:3 | Lost mutation: You expend magic power (3 MP) to strengthen
                  | your wands. [potion of mutation]
 56794 | Depths:3 | Gained mutation: Your magical capacity is low. (-10% MP)
                  | [potion of mutation]
 56796 | Depths:3 | Voluntarily entered the Abyss.
 57365 | Abyss:4  | Paralysed by accursed screaming for 1 turns
 57412 | Abyss:4  | Got an abyssal rune of Zot
 57433 | Depths:3 | Escaped the Abyss
 58182 | Zot:1    | Reached skill level 15 in Evocations
 58310 | Zot:1    | Bought the ring "Keac Ita" {rElec rPois rF+ SInv} for 522
                  | gold pieces
 58333 | Zot:1    | Bought the ring of Xousaxzua {Wiz rF- rN+ Will+++ Stlth+}
                  | for 845 gold pieces
 59229 | Zot:2    | Noticed a Killer Klown
 59246 | Zot:2    | Gained mutation: You are frail. (-10% HP) [mutagenic glow]
 59260 | Zot:2    | Gained mutation: You are weak. (Str -2) [mutagenic glow]
 59270 | Zot:2    | Gained mutation: You occasionally lose the ability to read
                  | scrolls when taking damage. [mutagenic glow]
 59273 | Zot:2    | Killed a Killer Klown
 59368 | Zot:2    | Identified the +8 chain mail "Biczyudycw" {rElec Stlth+}
 59574 | Zot:2    | Noticed a dread lich
 59615 | Zot:2    | Lost mutation: You are weak. (Str -2) [potion of mutation]
 59615 | Zot:2    | Lost mutation: You are frail. (-10% HP) [potion of
                  | mutation]
 59615 | Zot:2    | Gained mutation: Your magical capacity is very low. (-20%
                  | MP) [potion of mutation]
 59615 | Zot:2    | Gained mutation: You expend magic power (3 MP) to
                  | strengthen your wands. [potion of mutation]
 59615 | Zot:2    | Gained mutation: You are clumsy. (Dex -2) [potion of
                  | mutation]
 59615 | Zot:2    | Gained mutation: Your spells are a little harder to cast,
                  | but a little more powerful. [potion of mutation]
 59637 | Zot:2    | Killed a dread lich
 60249 | Zot:2    | Reached XP level 26. HP: 191/244 MP: 17/17
 61013 | Vaults:5 | Bought a potion of mutation for 88 gold pieces
 61027 | Vaults:5 | Bought a potion of mutation for 144 gold pieces
 62025 | Zot:3    | Lost mutation: You have supernaturally acute eyesight.
                  | (SInv) [potion of mutation]
 62025 | Zot:3    | Lost mutation: You have sharp toenails. [potion of
                  | mutation]
 62025 | Zot:3    | Gained mutation: You are strong-willed. (Will+) [potion of
                  | mutation]
 62025 | Zot:3    | Gained mutation: Your muscles are strong. (Str +4, Int/Dex
                  | -1) [potion of mutation]
 62026 | Zot:3    | Lost mutation: Your muscles are strong. (Str +4, Int/Dex
                  | -1) [potion of mutation]
 62026 | Zot:3    | Lost mutation: You occasionally lose the ability to read
                  | scrolls when taking damage. [potion of mutation]
 62026 | Zot:3    | Gained mutation: You are frail. (-10% HP) [potion of
                  | mutation]
 62026 | Zot:3    | Gained mutation: Your muscles are strong. (Str +4, Int/Dex
                  | -1) [potion of mutation]
 62412 | Zot:3    | Found a runed translucent door.
 62497 | Zot:3    | Found a shimmering altar of Xom.
 62497 | Zot:3    | Noticed Baikk's ghost (master HOBr)
 62997 | Zot:3    | Identified the +0 chain mail of the Fiddle {Will++ Slay+2}
 63886 | Zot:4    | Found a runed translucent gate.
 63907 | Zot:4    | Found a runed translucent gate.
 63910 | Zot:4    | Found a runed translucent gate.
 63911 | Zot:4    | Noticed Extyd's ghost (veteran TrSu)
 63911 | Zot:4    | Identified the +1 cloak of Nir Daes {Dex+2}
 64181 | Zot:5    | Entered Level 5 of the Realm of Zot
 64182 | Zot:5    | Acquired the +2 hat of the Doomed God {Int+4 Slay+3 SInv}
 64610 | Zot:5    | Noticed an ancient lich
 64613 | Zot:5    | Noticed a dread lich
 64634 | Zot:5    | Noticed an orb of fire
 64642 | Zot:5    | Noticed a dread lich
 64642 | Zot:5    | Noticed an ancient lich
 64648 | Zot:5    | Noticed an orb of fire
 64672 | Zot:5    | Noticed an orb of fire
 64674 | Zot:5    | Got the Orb of Zot
 64676 | Zot:5    | Killed an orb of fire
 64681 | Zot:5    | Gained mutation: Your magical capacity is extremely low.
                  | (-30% MP) [an orb of fire]
 64691 | Zot:5    | Killed a dread lich
 64713 | Zot:5    | Killed a dread lich
 64741 | Zot:5    | Killed an ancient lich
 64768 | Zot:5    | Killed an orb of fire
 64906 | Zot:2    | Noticed Uwni Hus the pandemonium lord
 64927 | Zot:2    | Reached skill level 27 in Shields
 65028 | Depths:1 | Noticed Losolagi the pandemonium lord
 65561 | D:3      | Killed Crazy Yiuf
 65586 | D:2      | Noticed Uxexiari the pandemonium lord
 65652 | D:$      | Escaped with the Orb!

Illustrated notes

Levels and vault maps discovered:
D:1:      amcnicky_arrival_underground_garden, layout_basic,
          hellmonk_ecumenical_altar_watching_god
D:2:      layout_loops_ring, basic_altar, nicolae_shop_vocational
D:3:      layout_rooms, overflow_temple_1_default,
          nicolae_kite_square_tiling_tiny, kennysheep_big_empty_room,
          uniq_robin, uniq_crazy_yiuf_cottage
D:4:      layout_rooms
D:5:      layout_basic, grunt_dithmenos_shadows
D:6:      layout_loops_corners, minmay_temple_entry_butterflies,
          minmay_gold_behind_fungi
D:7:      layout_cave_pools, nicolae_ru_the_path_less_chosen,
          grunt_temple_overflow_open, mainiacjoe_overflow_tiny_flanked,
          nicolae_elevator_lobby_plus, uniq_prince_ribbit1
D:8:      layout_layer_cave, minmay_misc_feat_hallway
D:9:      layout_layer_cave, tso_oasis_becter, lemuel_round_altar,
          hiddenorc2_lemuel, minmay_tree_intersection, minmay_misc_feat_columns,
          minmay_nine_imps
D:10:     layout_cave_pools, dpeg_lair_monsters
D:11:     layout_irregular_city, serial_shops, bzr_entry_dummy, shop, shop,
          uniq_urug, uniq_gastronok, uniq_maurice
D:12:     layout_basic, serial_corexii_hall, corexii_hall_statues_i,
          corexii_hall_statues_i, ldierk_geyser, uniq_kirke, uniq_jorgrun
D:13:     layout_stronghold, david_vaults_5, gauntlet_entry_generic,
          hangedman_aviary
D:14:     layout_irregular_city, serial_shops, statue_bzr,
          nicolae_shop_tiny_real_fake_doors, minmay_hedge_maze,
          nicolae_water_bricks
D:15:     grunt_enter_depths_snipers, layout_irregular_city,
          hangedman_decor_riveting
Lair:1:   lemuel_reptile_caves, layout_small_grid,
          portal_ice_cave_entry_pillars_1, lemuel_fruit_fields,
          serial_bayou_shore_a, infiniplex_staircase_pool, uniq_harold
Lair:2:   layout_gridlike, nicolae_shoals_entry_flooding, spider_nest_entry_webs
Lair:3:   layout_regular_city, grunt_megastairs_3
Lair:4:   nzn_motion_control, layout_long_grid, kilobyte_rumbling_trees
Lair:5:   grunt_lair_end_beastmaster, layout_regular_city, slime_entry_2
Shoals:1: layout_shoals, nicolae_shoals_undead_eyrie, uniq_mlioglotl,
          uniq_roxanne, uniq_louise, uniq_josephine
Shoals:2: layout_shoals, uniq_polyphemus
Shoals:3: cheibrodos_shoals_roost, layout_shoals, uniq_donald, uniq_mara,
          uniq_bai_suzhen
Shoals:4: shoals_end_grunt_ice, layout_shoals, nicolae_shop_gadgets
Spider:1: layout_cave_pods, hangedman_spider_tarantella_strand
Spider:2: layout_spider_delve
Spider:3: layout_spider_delve, nicolae_spider_cling_halls
Spider:4: spider_rune_water, lemuel_hornet_nest
Slime:1:  layout_caves
Slime:2:  layout_caves
Slime:3:  layout_caves
Slime:4:  layout_caves
Slime:5
Orc:1:    layout_diamond_mine, serial_shops, nicolae_shop_tiny_statue_garden,
          mines4_lemuel
Orc:2:    grunt_orc_cross, layout_caves, nicolae_orc_bridge_out,
          kennysheep_orc_sif_temple
Elf:1:    layout_onion_city, serial_shops, nicolae_shop_tiny_waterfront,
          minmay_elf_annihilation
Elf:2:    elven_hall_of_blades_hangedman_original
          [nicolae_blade_entry_crossed_weapons], layout_geoelf_octagon,
          serial_co_window_serial, co_window_paths_b, co_window_paths_b,
          co_window_corner_a, co_window_paths_a, co_window_corner_a,
          co_window_corner_a, co_window_of_opportunity_b, co_window_corner_b,
          co_window_corner_b, serial_shops, nicolae_lakefront_shop,
          guppyfry_elf_altar
Elf:3:    minmay_elf_hall, layout_gridlike
Vaults:1: nicolae_vaults_offset_grid_hallway_4, nicolae_vaults_little_squares_4,
          nicolae_vaults_diamond_1, nicolae_vaults_prndl,
          nicolae_vaults_angled_halls, nicolae_vaults_you_can_take_it_with_you,
          nicolae_vaults_diamond_2, hangedman_vaults_slice, v_misc_14,
          layout_vaults_quadrants
Vaults:2: nicolae_vaults_disjoint_gnomons, nicolae_vaults_trapezoid_lopsided_1,
          nicolae_vaults_mitosis, v_pattern_4, v_misc_17,
          nicolae_vaults_trapezoid_1, nicolae_vaults_tangram_2,
          nicolae_vaults_tetromino_L_1, ontoclasm_vaults_loading_screen,
          vaults_room_pools, nicolae_vaults_little_squares_3, st_lattice,
          nicolae_vaults_tetromino_T_1, nicolae_vaults_rhombus_7,
          layout_vaults_omnicross
Vaults:3: v_rooms_3, nicolae_vaults_door_testing_chamber,
          nicolae_vaults_specimen_jars, ontoclasm_vaults_eye,
          nicolae_vaults_apartment_1, v_misc_16, ontoclasm_vaults_spin,
          v_misc_23, nicolae_vaults_angled_halls, blue_anna_dwarven_crypt,
          layout_vaults_big_room, serial_shops, shop
Vaults:4: nicolae_vaults_little_squares_1, grunt_vaults_trifunnel,
          nicolae_vaults_little_squares_2, nicolae_vaults_an_arrangement,
          nicolae_vaults_closet_pinwheel_3,
          nicolae_vaults_taking_the_gang_shopping, grunt_vaults_bifocal,
          nicolae_vaults_closet_pinwheel_5, nicolae_vaults_ninety_degrees,
          vaults_dpeg_hooks, nicolae_vaults_house_1,
          nicolae_vaults_sesquioval_fish, v_misc_23, layout_vaults_maze_snakey,
          uniq_margery, uniq_saint_roka
Vaults:5: uniq_mennas
Depths:1: layout_cave_pools, serial_bayou_pond_d, pf_hell_entry_great_geh,
          kennysheep_windowed_goal, uniq_nikola
Depths:2: grunt_arcs, layout_basic, enter_ziggurat_a, hellmouth_1,
          grunt_pan_entry_sceptre, kennysheep_pointless_box, drop_trap,
          hangedman_decor_opposing, kennysheep_generic_room_13
Depths:3: minmay_tearing_corner, layout_twisted_cross, hell_entry, abyss_entry
Depths:4: lemuel_castle_with_subvaults [lemuel_castle_interior_carwin_2],
          layout_gridlike, pf_coc_iceberg, dk_noncrumbling_3,
          lightli_corner_chamber, uniq_frederick, uniq_enchantress
Zot:1:    layout_onion_interference
Zot:2:    grunt_deathspiral_small, layout_cathedral_of_symmetry
Zot:3:    layout_basic, ebering_ghost_xom
Zot:4:    layout_misc_corridors, gammafunk_ghost_tricky_traps
Zot:5:    layout_gridlike

Skill      XL: |  1  2  3  4  5  6  7  8  9 10 11 12 13 14 15 16 17 18 19 20 21 22 23 24 25 26 |
---------------+-------------------------------------------------------------------------------+-----
Armour         | 1 2 3 4 5 7 9 10 11 14 16 19 21 23 26 27 | 27.0
Axes           | 4 5 6 7 9 10 11 12 15 18 19 20 21 22 | 22.0
Fighting       | 4 5 6 8 9 10 11 13 15 16 18 19 20 21 | 21.0
Stealth        | 2 |  2.0
Dodging        | 4 6 8 9 10 12 13 14 15 16 17 19 20 22 | 22.3
Throwing       | 2 5 8 10 14 16 | 16.0
Evocations     | 4 9 10 12 14 15 17 | 17.1
Shields        | 13 15 18 21 22 23 24 26 27 | 27.0

Action                     |  1- 3 |  4- 6 |  7- 9 | 10-12 | 13-15 | 16-18 | 19-21 | 22-24 | 25-27 || total
---------------------------+-------+-------+-------+-------+-------+-------+-------+-------+-------++-------
  Melee: Hand axe          |    71 |   127 |    10 |       |       |       |       |       |       ||   208
         Headbutt          |    18 |    24 |    43 |   149 |   366 |   443 |   507 |   677 |   525 ||  2752
         War axe           |       |       |   103 |   261 |  1022 |       |       |       |       ||  1386
         Trident           |       |       |    88 |   273 |    84 |       |       |       |       ||   445
         Broad axe         |       |       |       |       |    20 |  1574 |  1614 |  2020 |  1569 ||  6797
  Throw: Javelin           |       |       |     3 |     1 |       |       |       |       |       ||     4
         Boomerang         |       |       |       |       |     2 |       |       |     2 |     2 ||     6
         Dart              |       |       |       |       |     4 |       |       |     1 |       ||     5
         Throwing net      |       |       |       |       |       |       |       |       |     3 ||     3
 Invoke: Call Merchant     |       |       |     1 |       |     2 |       |     1 |     1 |     1 ||     6
         Potion Petition   |       |       |       |     1 |       |     2 |     2 |     3 |     5 ||    13
         Bribe Branch      |       |       |       |       |       |       |       |       |     3 ||     3
  Evoke: Wand              |       |     2 |       |     4 |       |       |     1 |       |     4 ||    11
         Condenser vane    |       |       |       |       |     1 |       |       |     1 |     1 ||     3
         Phantom mirror    |       |       |       |       |     1 |       |       |       |       ||     1
         Lightning rod     |       |       |       |       |       |       |       |     2 |     3 ||     5
    Use: Potion            |       |     1 |     2 |       |    10 |       |    12 |    21 |    20 ||    66
         Scroll            |       |     5 |     4 |    10 |    17 |     7 |     8 |    17 |    14 ||    82
   Stab: Distracted        |       |       |       |     6 |     7 |    23 |    20 |    20 |    15 ||    91
         Confused          |       |       |       |     4 |       |       |       |       |     1 ||     5
         Petrified         |       |       |       |       |    13 |     2 |       |       |       ||    15
         Petrifying        |       |       |       |       |     1 |     1 |       |       |       ||     2
         Invisible         |       |       |       |       |       |     2 |       |       |       ||     2
         Held in net/web   |       |       |       |       |       |       |       |       |     2 ||     2
 Armour: Robe              |     4 |       |       |       |       |       |       |       |       ||     4
         Ring mail         |     9 |    46 |    23 |       |       |       |       |       |       ||    78
         Chain mail        |       |       |    69 |   243 |     1 |       |       |       |       ||   313
         Plate armour      |       |       |       |       |   824 |   812 |   607 |   812 |   435 ||  3490
         Skin              |       |       |       |       |    24 |       |       |    16 |       ||    40
  Dodge: Dodged            |    37 |    89 |   102 |   316 |   462 |   673 |   564 |   746 |   523 ||  3512
  Block: Kite shield       |       |       |       |       |   275 |  1021 |   483 |       |       ||  1779
         Reflection        |       |       |       |       |    12 |    34 |    44 |       |       ||    90
         Tower shield      |       |       |       |       |       |       |   661 |  1954 |  1509 ||  4124

Table legend: (Time is in decaauts)
 A = Elapsed time spent in this place.
 B = Non-inter-level travel time spent in this place.
 C = Inter-level travel time spent in this place.
 D = Time resting spent in this place.
 E = Time spent auto-exploring this place.
 F = Levels seen in this place.
 G = Mean time per level.
                   A        B        C        D        E       F      G
               +--------+--------+--------+--------+--------+-----+--------+
         Total |  63800 |  56525 |   7275 |   7207 |  33627 |  61 | 1045.9 |
       Dungeon |  18759 |  15629 |   3130 |   2505 |   9853 |  15 | 1250.6 |
          Lair |   6666 |   6015 |    651 |    757 |   3869 |   5 | 1333.2 |
        Shoals |   4679 |   4361 |    318 |    433 |   2385 |   4 | 1169.8 |
   Spider Nest |   4163 |   3958 |    205 |    384 |   2568 |   4 | 1040.8 |
    Slime Pits |   1624 |   1554 |     70 |    423 |    532 |   5 |  324.8 |
  Orcish Mines |   1836 |   1439 |    397 |      9 |   1058 |   2 |  918.0 |
   Elven Halls |   3356 |   3088 |    268 |    144 |   2194 |   3 | 1118.7 |
        Vaults |   7399 |   6594 |    805 |    356 |   4634 |   5 | 1479.8 |
        Depths |   6404 |   5446 |    958 |    846 |   2816 |   4 | 1601.0 |
           Zot |   5990 |   5520 |    470 |    827 |   3136 |   5 | 1198.0 |
         Abyss |   1925 |   1925 |      0 |    153 |    463 |   5 |  385.0 |
        Bazaar |    203 |    203 |      0 |      0 |      0 |   2 |  101.5 |
      Ice Cave |    401 |    401 |      0 |    331 |      0 |   1 |  401.0 |
      Gauntlet |    388 |    388 |      0 |     37 |    117 |   1 |  388.0 |
               +--------+--------+--------+--------+--------+-----+--------+

Top non-repeatable levels by time:
   Zot:2: 2378 daAuts
    D:13: 2365 daAuts
Depths:4: 2293 daAuts
    D:15: 2141 daAuts
     D:9: 1805 daAuts
     D:8: 1771 daAuts
Vaults:5: 1676 daAuts
  Lair:2: 1624 daAuts
Depths:3: 1614 daAuts
   Zot:3: 1517 daAuts
Vaults:4: 1514 daAuts
Spider:4: 1501 daAuts
Vaults:1: 1460 daAuts
   Elf:3: 1449 daAuts
  Lair:5: 1434 daAuts
